 Dungeon Crawl Stone Soup version 0.30-a0-368-g86fb4627a9 (webtiles) character file.

Game seed: 3010945319020693381

43 oldriver the Grave Robber (level 3, 0/27 HPs)
             Began as a Mummy Necromancer on Nov 19, 2022.
             Slain by Robin
             ... wielding a +0 spear
              (3 damage)
             ... on level 1 of the Dungeon.
             The game lasted 00:01:35 (1110 turns).

oldriver the Grave Robber (Mummy Necromancer)       Turns: 1110, Time: 00:01:35

Health: 0/27       AC:  7    Str: 11    XL:     3   Next: 37%
Magic:  2/8        EV: 12    Int: 16    God:
Gold:   74         SH:  0    Dex: 12    Spells: 8/9 levels left

rFire   x . .      SeeInvis .    c - +0 dagger
rCold   + . .      Faith    +    (no shield)
rNeg    + + +      Spirit   .    a - +0 robe
rPois   ∞          Reflect  .    (no helmet)
rElec   .          Harm     .    e - +0 cloak
rCorr   .          Rampage  .    (no gloves)
Will    .....                    (no boots)
Stlth   ++........               (no amulet)
HPRegen 0.24/turn                b - +4 ring of protection
MPRegen 0.11/turn                (no ring)

@: no status effects
A: cold resistance 1, negative energy resistance 3, torment resistance 2, heat
vulnerability 1, in touch with death 1, no potions, faith
a: no special abilities


You were on level 1 of the Dungeon.
You visited 1 branch of the dungeon, and saw 2 of its levels.

You collected 74 gold pieces.

Inventory:

Hand Weapons
 c - a +0 dagger (weapon)
Armour
 a - a +0 robe (worn)
 e - a +0 cloak (worn)
Jewellery
 b - a +4 ring of protection (left hand)
Scrolls
 d - a scroll of torment {unknown}


   Skills:
 + Level 2.1 Fighting
 - Level 1.5 Dodging
 - Level 1.5 Stealth
 + Level 3.9 Spellcasting
 - Level 4.0 Necromancy


You had 8 spell levels left.
You knew the following spells:

 Your Spells              Type           Power      Damage    Failure   Level
a - Necrotise             Necr           92%        1d8       3%          1

Your spell library contained the following spells:

 Spells                   Type           Power      Damage    Failure   Level
 Vampiric Draining        Necr           23%        2d7       10%         3
 Animate Dead             Necr           23%        N/A       32%         4
 Inner Flame              Hex/Fire       3%         N/A       45%         3
 Agony                    Necr           23%        N/A       67%         5
 Flame Wave               Conj/Fire      3%         2d5       86%         4
 Sticky Flame             Conj/Fire      3%         2d3       86%         4


Dungeon Overview and Level Annotations

Branches:
Dungeon (2/15)

Altars:

Annotations:
D:1 Robin


Innate Abilities, Weirdness & Mutations

You are immune to poison.
Your flesh is cold resistant. (rC+)
You are immune to negative energy. (rN+++)
You are immune to unholy pain and torment.
You are vulnerable to heat. (rF-)
You are in touch with the powers of death.
You do not drink.
You have a special connection with the divine. (Faith)


Message History

Casting: Necrotise (safe; 3% risk of failure)
Confirm with . or Enter, or press ? or * to list all spells.
Aiming: Necrotise (safe; 3% risk of failure)
Press: ? - help, Shift-Dir - straight line, f - Robin
Aim: Robin, wielding a +0 spear, wearing a +0 animal skin, wearing a +0 helmet and carrying a wand of flame (14) (chance to affect: 87%)
You feel a surge of power!
Robin writhes in agony.
Robin zaps a wand.
The puff of flame hits you but does no damage.
Unknown command.
Casting: Necrotise (safe; 3% risk of failure)
Confirm with . or Enter, or press ? or * to list all spells.
Aiming: Necrotise (safe; 3% risk of failure)
Press: ? - help, Shift-Dir - straight line, f/p - Robin
Aim: Robin, wielding a +0 spear, wearing a +0 animal skin, wearing a +0 helmet and carrying a wand of flame (13) (lightly wounded, chance to affect: 87%)
You feel a surge of power!
Robin writhes in agony.
Robin hits you but does no damage.
Unknown command.
Casting: Necrotise (safe; 3% risk of failure)
Confirm with . or Enter, or press ? or * to list all spells.
Aiming: Necrotise (safe; 3% risk of failure)
Press: ? - help, Shift-Dir - straight line, f/p - Robin
Aim: Robin, wielding a +0 spear, wearing a +0 animal skin, wearing a +0 helmet and carrying a wand of flame (13) (lightly wounded, chance to affect: 87%)
You feel a surge of power!
Robin writhes in agony.
Robin zaps a wand.
The puff of flame misses you.
Unknown command.
Casting: Necrotise (safe; 3% risk of failure)
Confirm with . or Enter, or press ? or * to list all spells.
Aiming: Necrotise (safe; 3% risk of failure)
Press: ? - help, Shift-Dir - straight line, f/p - Robin
Aim: Robin, wielding a +0 spear, wearing a +0 animal skin, wearing a +0 helmet and carrying a wand of flame (12) (heavily wounded, chance to affect: 87%)
You feel a surge of power!
Robin writhes in agony.
Robin hits you with a +0 spear.
* * * LOW HITPOINT WARNING * * *
Casting: Necrotise (safe; 3% risk of failure)
Confirm with . or Enter, or press ? or * to list all spells.
Aiming: Necrotise (safe; 3% risk of failure)
Press: ? - help, Shift-Dir - straight line, f/p - Robin
Aim: Robin, wielding a +0 spear, wearing a +0 animal skin, wearing a +0 helmet and carrying a wand of flame (12) (severely wounded, chance to affect: 87%)
You feel a surge of power!
Robin writhes in agony.
Robin hits you with a +0 spear.
You die...

##############
#....##......#####
'.....'........)>#
#....##......###@#
#....##......# #g#
#....##......# #.#
#######......# #.#
#######......# #.#
.....##......# #.#
.....##......# #.#
.............###.#
.....#...........#


You could see Robin.

Vanquished Creatures
  A dart slug (D:1)
  A bat (D:1)
  4 endoplasms (D:1)
  A giant cockroach (D:1)
  5 goblins
  5 hobgoblins
  6 jackals (D:1)
  2 quokkas (D:1)
  A ball python (D:1)
  A frilled lizard (D:1)
  2 rats (D:1)
29 creatures vanquished.

Vanquished Creatures (collateral kills)
  An endoplasm (D:1)
  A jackal (D:1)
  A goblin (D:2)
  A rat (D:1)
4 creatures vanquished.

Grand Total: 33 creatures vanquished

Notes
Turn   | Place    | Note
-------+----------+-------------------------------------------
     0 | D:1      | oldriver the Mummy Necromancer began the quest for the Orb.
     0 | D:1      | Reached XP level 1. HP: 13/13 MP: 4/4
   250 | D:1      | Reached skill level 1 in Fighting
   283 | D:1      | Reached XP level 2. HP: 21/21 MP: 3/6
   814 | D:1      | Gained mutation: You are in touch with the powers of death.
                  | [Mummy growth]
   814 | D:1      | Reached XP level 3. HP: 27/27 MP: 5/8
   976 | D:2      | Noticed Robin
  1110 | D:1      | Slain by Robin

Illustrated notes

Levels and vault maps discovered:
D:1:      heliophobic_arrival_ceremonial_halls, layout_basic,
          grunt_decor_resistance
D:2:      layout_loops_ring, hellmonk_ecumenical_altar_defaced_shrine,
          feat_on_display, uniq_robin

Skill      XL: |  1  2  3 |
---------------+----------+-----
Spellcasting   | 3 |  3.9
Fighting       | 1 2 |  2.1
Dodging        | |  1.5
Stealth        | |  1.5
Necromancy     | |  4.0

Action                   || total
-------------------------++-------
Melee: Unarmed           ||    60
       Punch             ||     4
       Dagger            ||    36
 Cast: Necrotise         ||    52
 Stab: Sleeping          ||     1
Armor: Robe              ||    55
Dodge: Dodged            ||    67

Table legend: (Time is in decaauts)
 A = Elapsed time spent in this place.
 B = Non-inter-level travel time spent in this place.
 C = Inter-level travel time spent in this place.
 D = Time resting spent in this place.
 E = Time spent auto-exploring this place.
 F = Levels seen in this place.
 G = Mean time per level.
                   A        B        C        D        E       F      G
               +--------+--------+--------+--------+--------+-----+--------+
         Total |   1111 |   1091 |     20 |    137 |    664 |   2 |  555.5 |
       Dungeon |   1111 |   1091 |     20 |    137 |    664 |   2 |  555.5 |
               +--------+--------+--------+--------+--------+-----+--------+

Top non-repeatable levels by time:
     D:1: 1089 daAuts
     D:2: 21 daAuts
